 Dungeon Sprint DCSS version 0.28-a0-479-g5baa6b73be (webtiles) character file.

Game seed: 5203897417168502640

21 MikeHunt the Chiller (level 2, -2/19 HPs)
             Began as a Demonspawn Ice Elementalist on Sept 18, 2021.
             Slain by a phantom (5 damage)
             ... in the Dungeon (Sprint III: "The Ten Rune Challenge").
             The game lasted 00:01:02 (276 turns).

MikeHunt the Chiller (Demonspawn Ice Elementalist)   Turns: 276, Time: 00:01:03

Health: -2/19      AC:  4    Str:  8    XL:     2   Next: 65%
Magic:  2/7        EV: 12    Int: 16    God:
Gold:   0          SH:  0    Dex: 11    Spells: 8/9 levels left

rFire   . . .      SeeInvis .   (no weapon)
rCold   . . .      Faith    .   (no shield)
rNeg    . . .      Spirit   .   a - +0 robe
rPois   .          Reflect  .   (helmet restricted)
rElec   .          Harm     .   (no cloak)
rCorr   .          Rampage  .   (no gloves)
Will    +....      NoTele   +   (no boots)
Stlth   ++........              (no amulet)
HPRegen 0.06/turn               h - ring of willpower
MPRegen 0.10/turn               (no ring)

@: no status effects
A: yellow scales 1, horns 1, clumsy 1
a: no special abilities


You were in the Dungeon.
You visited 1 branch

Inventory:

Armour
 a - a +0 robe (worn)
Jewellery
 h - a ring of willpower (left hand)
Scrolls
 c - 2 scrolls of identify
 f - a scroll of immolation {unknown}
 g - a scroll of blinking
Potions
 b - 2 potions of curing
 d - a potion of haste
 e - 2 potions of magic
 j - 2 potions of flight


   Skills:
 - Level 1.7 Dodging
 - Level 1.7 Stealth
 + Level 4.0 Spellcasting
 + Level 5.0 Ice Magic


You had 8 spell levels left.
You knew the following spells:

 Your Spells              Type           Power      Damage    Failure   Level
e - Freeze                Ice            76%        1d9       1%          1

Your spell library contained the following spells:

 Spells                   Type           Power      Damage    Failure   Level
 Frozen Ramparts          Ice            38%        1d5       6%          3
 Ozocubu's Armour         Ice            19%        N/A       6%          3
 Hailstorm                Conj/Ice       11%        3d5       52%         4


Dungeon Overview and Level Annotations

Branches:
Dungeon (1/1)

Altars:


Innate Abilities, Weirdness & Mutations

You are partially covered in yellow scales. (AC +2)
You have a pair of small horns on your head.
You are clumsy. (Dex -2)


Message History

You headbutt the phantom, but do no damage.
The phantom misses you.
You hit the phantom but do no damage. You headbutt the phantom.
The phantom is moderately damaged.
The phantom hits you.
You barely miss the phantom. Your headbutt misses the phantom.
The phantom is moderately damaged.
The phantom barely misses you.
Aiming: Freeze (safe; 1% risk of failure)
Press: ? - help, Q - select action Shift-Dir - straight line, f - phantom
Aim: a phantom (moderately damaged)
You freeze the phantom but do no damage.
The phantom completely resists.
The phantom closely misses you.
Aiming: Freeze (safe; 1% risk of failure)
Press: ? - help, Q - select action Shift-Dir - straight line, f/p - phantom
Aim: a phantom (moderately damaged)
You freeze the phantom but do no damage.
The phantom completely resists.
The phantom hits you.
Aiming: Freeze (safe; 1% risk of failure)
Press: ? - help, Q - select action Shift-Dir - straight line, f/p - phantom
Aim: a phantom (moderately damaged)
You freeze the phantom but do no damage.
The phantom completely resists.
The phantom barely misses you.
Aiming: Freeze (safe; 1% risk of failure)
Press: ? - help, Q - select action Shift-Dir - straight line, f/p - phantom
Aim: a phantom (moderately damaged)
You freeze the phantom but do no damage.
The phantom completely resists.
The phantom hits you.
* * * LOW HITPOINT WARNING * * *
Aiming: Freeze (safe; 1% risk of failure)
Press: ? - help, Q - select action Shift-Dir - straight line, f/p - phantom
Aim: a phantom (moderately damaged)
You freeze the phantom.
The phantom resists.
The phantom is heavily damaged.
The phantom hits you.
You die...

▓▓▓▓▓▓▓▓▓ ▓▓
▓<..#...#### #.#
▓...#......#####..#
▓..##...†...#!@#..#
▓##.##.##...#$W#..#
##.##.###..##'#..#
▓#.####.##..###...+
▓.###..##..####...#
▓#..†..##†.###....#
###..##...##.....#
##..##....#†.....#
#..###..##.#.....#


You could see a phantom.

Vanquished Creatures
  A human (D)
  An endoplasm (D)
  3 rats (D)
5 creatures vanquished.

Vanquished Creatures (others)
  A plant (D)
1 creature vanquished.

Grand Total: 6 creatures vanquished

Notes
Turn   | Place    | Note
-------+----------+-------------------------------------------
     0 | D        | MikeHunt the Demonspawn Ice Elementalist began the quest
                  | for the Orb.
     0 | D        | Reached XP level 1. HP: 13/13 MP: 3/3
    25 | D        | Reached skill level 4 in Ice Magic
   191 | D        | Reached skill level 5 in Ice Magic
   191 | D        | Gained mutation: You are partially covered in yellow
                  | scales. (AC +2) [demonic ancestry]
   191 | D        | Reached XP level 2. HP: 16/19 MP: 1/7
   264 | D        | Gained mutation: You have a pair of small horns on your
                  | head. [potion of mutation]
   264 | D        | Gained mutation: You are clumsy. (Dex -2) [potion of
                  | mutation]
   276 | D        | Slain by a phantom

Illustrated notes

Levels and vault maps discovered:
D:        dungeon_sprint_mu [sprint_mu_entry_cave, sprint_mu_temple_rooms,
          sprint_mu_d1_horrors, sprint_mu_d2_genie, sprint_mu_d3_branching,
          sprint_mu_orc_legion, sprint_mu_elf_gauntlet, sprint_mu_hive_nellie,
          sprint_mu_lair_fedhas, sprint_mu_vaults_butterflies,
          sprint_mu_slime_circle, sprint_mu_swamp_cave, sprint_mu_snake_twists,
          sprint_mu_blade_basic, sprint_mu_crypt_lich, sprint_mu_tomb_spiral,
          sprint_mu_vestibule_basic, sprint_mu_gehenna_hellfire,
          sprint_mu_dis_giant, sprint_mu_tartarus_statrot,
          sprint_mu_cocytus_islands, sprint_mu_zot1]

Skill      XL: |  1 |
---------------+----+-----
Ice Magic      | 5 |  5.0
Spellcasting   | 4 |  4.0
Dodging        | |  1.7
Stealth        | |  1.7

Action                   || total
-------------------------++-------
Melee: Unarmed           ||    27
       Headbutt          ||     3
 Cast: Freeze            ||    13
  Use: Potion            ||     3
Armor: Robe              ||     4
Dodge: Dodged            ||    16

Table legend: (Time is in decaauts)
 A = Elapsed time spent in this place.
 B = Non-inter-level travel time spent in this place.
 C = Inter-level travel time spent in this place.
 D = Time resting spent in this place.
 E = Time spent auto-exploring this place.
 F = Levels seen in this place.
 G = Mean time per level.
                   A        B        C        D        E       F      G
               +--------+--------+--------+--------+--------+-----+--------+
         Total |    283 |    283 |      0 |    185 |      0 |   1 |  283.0 |
       Dungeon |    283 |    283 |      0 |    185 |      0 |   1 |  283.0 |
               +--------+--------+--------+--------+--------+-----+--------+

Top non-repeatable levels by time:
       D: 283 daAuts
